 Dungeon Crawl Stone Soup version 0.30-a0-691-g754fce4c43 (webtiles) character file.

Game seed: 17980047902178102557

1417 Absynth the Conjurer (level 8, 0/57 HPs)
             Began as a Red Draconian Earth Elementalist on Jan 19, 2023.
             Was an Initiate of Vehumet.
             Slain by Duvessa
             ... wielding a +0 short sword
              (11 damage)
             ... on level 6 of the Dungeon.
             The game lasted 00:22:41 (6036 turns).

Absynth the Conjurer (DrEE)                         Turns: 6036, Time: 00:22:42

Health: 0/57       AC: 12    Str: 10    XL:     8   Next: 43%
Magic:  20/24      EV: 17    Int: 18    God:    Vehumet [......]
Gold:   311        SH:  0    Dex: 12    Spells: 10/16 levels left

rFire   + . .      SeeInvis .    b - +6 hand axe "Umpom" {freeze, MP+9}
rCold   . . .      Faith    .    (no shield)
rNeg    . . .      Spirit   .    (body armour unavailable)
rPois   .          Reflect  .    (helmet restricted)
rElec   .          Harm     .    A - +0 cloak
rCorr   .          Rampage  .    t - +0 pair of gloves
Will    .....                    (no boots)
Stlth   ++                       (no amulet)
HPRegen 0.29/turn                x - +5 ring of evasion
MPRegen 0.19/turn                o - +4 ring of protection

@: no status effects
A: breathe fire, AC +6, unfitting armour, fire resistance 1, cold-blooded
a: Breathe Fire, Renounce Religion


You were on level 6 of the Dungeon.
You worshipped Vehumet.
Vehumet was noncommittal.
You visited 2 branches of the dungeon, and saw 7 of its levels.

You collected 311 gold pieces.

Inventory:

Hand Weapons
 a - a +0 sling
 b - the +6 hand axe "Umpom" (weapon) {freeze, MP+9}
   (You found it on level 2 of the Dungeon)

   MP:        It affects your magic capacity (+9).
Missiles
 E - 10 poisoned darts (quivered)
Armour
 t - a +0 pair of gloves (worn)
 A - a +0 cloak (worn)
Magical Staves
 j - a staff of death
Jewellery
 m - a ring of poison resistance
 o - a +4 ring of protection (right hand)
 r - an amulet of guardian spirit
 s - a ring of see invisible
 x - a +5 ring of evasion (left hand)
 G - a ring of wizardry
Wands
 H - a wand of mindburst (10)
Scrolls
 c - 2 scrolls of brand weapon {unknown}
 e - a scroll of blinking {unknown}
 f - 5 scrolls of identify {unknown}
 g - 3 scrolls of teleportation {unknown}
 h - a scroll of fog {unknown}
 i - 2 scrolls of immolation {unknown}
 k - a scroll of poison {unknown}
 p - 3 scrolls of enchant weapon {unknown}
 u - 2 scrolls of magic mapping {unknown}
 y - a scroll of noise {unknown}
 D - a scroll of amnesia {unknown}
 J - a scroll of enchant armour {unknown}
Potions
 l - a potion of lignification {unknown}
 n - 2 potions of haste {unknown}
 q - 4 potions of curing {unknown}
 v - a potion of mutation {unknown}
 w - a potion of degeneration {unknown}
 z - a potion of ambrosia {unknown}
 B - a potion of invisibility {unknown}
 C - a potion of experience {unknown}
 F - a potion of cancellation {unknown}
 I - 2 potions of might {unknown}


   Skills:
 - Level 1.7 Dodging
 - Level 1.7 Stealth
 + Level 4.9 Spellcasting
 * Level 6.7 Conjurations
 - Level 1.0 Transmutations
 + Level 3.5 Fire Magic
 + Level 5.9 Earth Magic


You had 10 spell levels left.
You knew the following spells:

 Your Spells              Type           Power      Damage    Failure   Level
a - Sandblast             Erth           50%        2d12      1%          1
b - Stone Arrow           Conj/Erth      54%        3d10      3%          3
p - Passwall              Tmut/Erth      13%        N/A       4%          2

Your spell library contained the following spells:

 Spells                   Type           Power      Damage    Failure   Level
 Static Discharge         Conj/Air       32%        2-4/arc   4%          2
 Dazzling Flash           Conj/Hex       32%        N/A       10%         3
 Wereblood                Tmut           8%         N/A       13%         2
 Necrotise                Necr           16%        1d4       14%         1
 Mephitic Cloud           Conj/Pois/Air  12%        N/A       16%         3
 Inner Flame              Hex/Fire       10%        N/A       19%         3
 Cigotuvi's Dreadful Rot  Necr/Pois/Air  8%         N/A       21%         2
 Poisonous Vapours        Pois/Air       8%         N/A       21%         2
 Sublimation of Blood     Necr           4%         N/A       21%         2
 Iskenderun's Mystic Bla  Conj/Tloc      16%        2d5       32%         4
 Petrify                  Tmut/Erth      16%        N/A       32%         4
 Vampiric Draining        Necr           4%         2d6       38%         3
 Vhi's Electric Charge    Tloc/Air       8%         N/A       38%         3
 Arcjolt                  Conj/Air       8%         1d18      67%         5
 Lightning Bolt           Conj/Air       8%         1d20      67%         5
 Cause Fear               Hex            2%         N/A       80%         4
 Starburst                Conj/Fire      11%        6d5       94%         6
 Agony                    Necr           4%         N/A       98%         5
 Summon Hydra             Summ           2%         N/A       100%        7
 Discord                  Hex            2%         N/A       100%        8


Dungeon Overview and Level Annotations

Branches:
Dungeon (6/15)             Temple (1/1) D:4

Altars:
Ashenzari
Dithmenos
Fedhas
Gozag
Hepliaklqana
Kikubaaqudgha
Makhleb
Nemelex Xobeh
Okawaru
Qazlal
Ru
Sif Muna
Trog
Vehumet
Wu Jian
Xom
Yredelemnul
Zin
The Shining One

Annotations:
D:6 Duvessa


Innate Abilities, Weirdness & Mutations

You can breathe blasts of fire.
Your fiery red scales are hard. (AC +6)
You cannot fit into any form of body armour.
Your flesh is heat resistant. (rF+)
You are cold-blooded and may be slowed by cold attacks.


Message History

Duvessa looks even sicker.
Duvessa is severely wounded.
Duvessa hits you with a +0 short sword. Duvessa hits you but does no damage.
Throw: 12 darts (poison)
Press: ? - help, Q - select action, (/) - cycle Shift-Dir - straight line, f/p - Duvessa
Aim: Duvessa, wielding a +0 short sword and wearing a +0 chain mail (severely wounded, berserk, very poisoned, 68% to hit)
You throw a poisoned dart. The poisoned dart hits Duvessa.
Duvessa is severely wounded.
Duvessa misses you. Duvessa attacks as you move away!
Duvessa barely misses you. x2
Throw: 11 darts (poison)
Press: ? - help, Q - select action, (/) - cycle Shift-Dir - straight line, f/p - Duvessa
Aim: Duvessa, wielding a +0 short sword and wearing a +0 chain mail (severely wounded, berserk, very poisoned, 68% to hit)
You throw a poisoned dart. The poisoned dart hits Duvessa.
Duvessa looks even sicker.
Duvessa is severely wounded.
Duvessa hits you with a +0 short sword! Duvessa hits you with a +0 short sword.
Your magical contamination has completely faded away.
Casting: Sandblast (safe; 1% risk of failure)
Confirm with . or Enter, or press ? or * to list all spells.
Aiming: Sandblast (safe; 1% risk of failure)
Press: ? - help, Shift-Dir - straight line, f/p - Duvessa
Aim: Duvessa, wielding a +0 short sword and wearing a +0 chain mail (almost dead, berserk, very poisoned, 90% to hit)
The blast of sand hits Duvessa but does no damage.
Duvessa is almost dead.
Duvessa hits you with a +0 short sword. Duvessa hits you but does no damage.
Duvessa misses you.
Casting: Sandblast (safe; 1% risk of failure)
Confirm with . or Enter, or press ? or * to list all spells.
Aiming: Sandblast (safe; 1% risk of failure)
Press: ? - help, Shift-Dir - straight line, f/p - Duvessa
Aim: Duvessa, wielding a +0 short sword and wearing a +0 chain mail (almost dead, berserk, very poisoned, 90% to hit)
The blast of sand hits Duvessa but does no damage.
Duvessa is almost dead.
Duvessa misses you. Duvessa hits you with a +0 short sword!
* * * LOW HITPOINT WARNING * * *
Duvessa closely misses you. Magic courses through your body.
Duvessa hits you with a +0 short sword!
You die...

#.# #.###.# #
#.# ##.#.##
#(# #.# #..##
e. ##.## #.##
#(####...###.#
#...((.......#
######...#####
#########.##
.......@e.#
###########


You could see Duvessa (berserk, very poisoned).

Vanquished Creatures
  A wyvern (D:6)
  A water moccasin (D:6)
  A sky beast (D:6)
  2 centaurs
  A phantom (D:6)
  2 bullfrogs
  A scorpion (D:5)
  Dowan (D:6)
  5 wights (D:6)
  2 hounds (D:6)
  2 jellies (D:5)
  An iguana (D:4)
  Ijyb (D:3)
  An orc wizard (D:6)
  Robin (D:2)
  6 adders
  A shadow imp (D:3)
  2 white imps (D:5)
  A dart slug (D:2)
  5 orcs
  5 endoplasms
  3 giant cockroaches
  7 goblins
  9 hobgoblins
  5 kobolds
  2 quokkas
  7 ball pythons
  4 bats
  2 frilled lizards
  3 rats
85 creatures vanquished.

Notes
Turn   | Place    | Note
-------+----------+-------------------------------------------
     0 | D:1      | Absynth the Draconian Earth Elementalist began the quest
                  | for the Orb.
     0 | D:1      | Reached XP level 1. HP: 14/14 MP: 3/3
   430 | D:1      | Reached XP level 2. HP: 20/20 MP: 3/5
   576 | D:1      | Reached skill level 1 in Conjurations
  1098 | D:2      | Noticed Robin
  1146 | D:2      | Reached XP level 3. HP: 22/26 MP: 2/6
  1228 | D:2      | Killed Robin
  1437 | D:2      | Found a faded altar of an unknown god.
  1548 | D:2      | Learned a level 3 spell: Stone Arrow
  1730 | D:2      | Identified the +6 hand axe "Umpom" {freeze, MP+9}
  2272 | D:3      | Reached skill level 2 in Conjurations
  2272 | D:3      | Reached XP level 4. HP: 33/33 MP: 3/8
  2714 | D:3      | Learned a level 2 spell: Passwall
  2721 | D:3      | Noticed Ijyb
  2861 | D:3      | Killed Ijyb
  3068 | D:4      | Found a staircase to the Ecumenical Temple.
  3077 | Temple   | Entered the Ecumenical Temple
  3378 | Temple   | Became a worshipper of Vehumet
  3574 | D:4      | Found a shimmering blue altar of Sif Muna.
  3582 | D:4      | Found a stormy altar of Qazlal.
  3593 | D:4      | Reached skill level 3 in Conjurations
  3593 | D:4      | Reached XP level 5. HP: 38/38 MP: 9/9
  3801 | D:5      | Entered Level 5 of the Dungeon
  3850 | D:5      | Noticed a centaur
  4056 | D:5      | Reached XP level 6. HP: 39/45 MP: 2/11
  4172 | D:5      | Reached skill level 4 in Conjurations
  4866 | D:6      | Noticed a water moccasin
  5037 | D:6      | Reached skill level 5 in Conjurations
  5037 | D:6      | Your scales start taking on a fiery red colour.
  5037 | D:6      | Reached XP level 7. HP: 50/50 MP: 5/13
  5037 | D:6      | Gained mutation: Your flesh is heat resistant. (rF+) [Red
                  | Draconian growth]
  5267 | D:6      | Reached skill level 5 in Earth Magic
  5268 | D:6      | Reached skill level 1 in Fire Magic
  5507 | D:6      | Noticed a wyvern
  5513 | D:6      | Killed a wyvern
  5557 | D:6      | Reached skill level 6 in Conjurations
  5557 | D:6      | Reached XP level 8. HP: 57/57 MP: 14/14
  6000 | D:6      | Noticed Duvessa
  6013 | D:6      | Noticed Dowan
  6022 | D:6      | Killed Dowan
  6036 | D:6      | Slain by Duvessa

Illustrated notes

Levels and vault maps discovered:
D:1:      eino_arrival_water_cross, layout_basic
D:2:      layout_basic, ebering_ecumenical_altar_sacrificial,
          amcnicky_mini_rare_corridor_liquid, uniq_robin
D:3:      layout_basic, kennysheep_doodads, columned_hall_lemuel, corexii_shack,
          uniq_ijyb
D:4:      layout_gridville, mainiacjoe_overflow_large_starburst,
          minmay_temple_entry_waves
D:5:      layout_basic
D:6:      layout_loops_ring, uniq_duvessa
Temple:   minmay_temple_bridge_d

Skill      XL: |  1  2  3  4  5  6  7  8 |
---------------+-------------------------+-----
Conjurations   | 1 2 3 5 6 |  6.7
Spellcasting   | 3 4 |  4.9
Earth Magic    | 4 5 |  5.9
Fire Magic     | 2 3 |  3.5
Dodging        | |  1.7
Stealth        | |  1.7
Transmutations | |  1.0

Action                   |  1- 3 |  4- 6 |  7- 9 || total
-------------------------+-------+-------+-------++-------
Melee: Unarmed           |    13 |       |       ||    13
       Tailslap          |     3 |     6 |       ||     9
       Hand axe          |     3 |    50 |     2 ||    55
       Dagger            |     2 |       |       ||     2
 Fire: Sling             |    54 |     3 |       ||    57
Throw: Dart              |       |    14 |     8 ||    22
 Cast: Sandblast         |    38 |    33 |     5 ||    76
       Stone Arrow       |       |    14 |    38 ||    52
       Passwall          |       |       |     1 ||     1
  Use: Potion            |       |       |     1 ||     1
 Stab: Sleeping          |     1 |     1 |       ||     2
Armor: Skin              |    35 |    41 |     9 ||    85
Dodge: Dodged            |    76 |    61 |    16 ||   153

Table legend: (Time is in decaauts)
 A = Elapsed time spent in this place.
 B = Non-inter-level travel time spent in this place.
 C = Inter-level travel time spent in this place.
 D = Time resting spent in this place.
 E = Time spent auto-exploring this place.
 F = Levels seen in this place.
 G = Mean time per level.
                   A        B        C        D        E       F      G
               +--------+--------+--------+--------+--------+-----+--------+
         Total |   6111 |   5803 |    308 |   1388 |   3269 |   7 |  873.0 |
       Dungeon |   5741 |   5574 |    167 |   1388 |   3056 |   6 |  956.8 |
        Temple |    369 |    228 |    141 |      0 |    213 |   1 |  369.0 |
               +--------+--------+--------+--------+--------+-----+--------+

Top non-repeatable levels by time:
     D:2: 1283 daAuts
     D:6: 1196 daAuts
     D:1: 1015 daAuts
     D:5: 975 daAuts
     D:3: 778 daAuts
     D:4: 493 daAuts
  Temple: 369 daAuts
